TOP OF THE 1ST |
University of North Carolina at Chapel Hill Tar Heels batting - Pitching for Stanford University Cardinal : RHP Jesus Hernandez
|
Pitching: RHP Jesus Hernandez
|
|
Batting: SHB Ryan Marsh
|
0-0: Ball 1-0: Foul Ball, location: 2F 1-1: Foul Ball, location: 2F 1-2: Ground out 4-3 (Groundball, 4, EV 87.5 MPH)
|
Batting: RHB Bill Atley
|
0-0: Fly out, F8 (Flyball, 8LS, EV 83.8 MPH)
|
Batting: RHB Jeremy Rollins
|
0-0: Foul Ball, location: 2F 0-1: Foul Ball, location: 2F 0-2: Foul Ball, location: 2F 0-2: Foul Ball, location: 2F 0-2: Foul Ball, location: 2F 0-2: Ball 1-2: Foul Ball, location: 2F 1-2: Ball 2-2: SINGLE (Groundball, 56D, EV 108.8 MPH)
|
Batting: SHB Jim Saxon
|
0-0: Called Strike 0-1: Ball 1-1: Ball 2-1: Ball 3-1: Base on Balls Jeremy Rollins to second
|
Batting: SHB Jonathan Barrie
|
0-0: Ball 1-0: Ball 2-0: Fielders Choice at 2nd, 5-4 (Groundball, 56, EV 85.6 MPH)
|
Top of the 1st over - 0 runs, 1 hit, 0 errors, 2 left on base; University of North Carolina at Chapel Hill 0 - Stanford University 0 |
BOTTOM OF THE 1ST |
Stanford University Cardinal batting - Pitching for University of North Carolina at Chapel Hill Tar Heels : RHP Steven Kennett
|
Pitching: RHP Steven Kennett
|
|
Batting: RHB Joe Gabriel
|
0-0: Ball 1-0: Ball 2-0: Foul Ball, location: 2F 2-1: Ball 3-1: Base on Balls
|
Batting: LHB Bryan Davidson
|
0-0: Ball Joe Gabriel steals 2nd base 1-0: Called Strike 1-1: Ball 2-1: Ground out 6-3 (Groundball, 6, EV 96.9 MPH)
|
Batting: LHB Donny Kleinjan
|
0-0: Ball 1-0: Swinging Strike 1-1: Fly out, F5 (Popup, 5SF, EV 79.4 MPH)
|
Batting: RHB Joe Petley
|
0-0: Swinging Strike 0-1: Foul Ball, location: 2F 0-2: Foul Ball, location: 2F 0-2: Ball 1-2: Strikes out swinging
|
Bottom of the 1st over - 0 runs, 0 hits, 0 errors, 1 left on base; University of North Carolina at Chapel Hill 0 - Stanford University 0 |
TOP OF THE 2ND |
University of North Carolina at Chapel Hill Tar Heels batting - Pitching for Stanford University Cardinal : RHP Jesus Hernandez
|
Batting: RHB Tony Jennings
|
0-0: Ball 1-0: Fly out, F9 (Flyball, 9LM, EV 96.2 MPH)
|
Batting: RHB Brandon Wilson
|
0-0: Called Strike 0-1: Swinging Strike 0-2: Strikes out swinging
|
Batting: RHB Michael Houseman
|
0-0: Ball 1-0: Called Strike 1-1: Ground out 6-3 (Groundball, 6M, EV 79.4 MPH)
|
Top of the 2nd over - 0 runs, 0 hits, 0 errors, 0 left on base; University of North Carolina at Chapel Hill 0 - Stanford University 0 |
BOTTOM OF THE 2ND |
Stanford University Cardinal batting - Pitching for University of North Carolina at Chapel Hill Tar Heels : RHP Steven Kennett
|
Batting: LHB Chien Sam
|
0-0: Ball 1-0: Foul Ball, location: 2F 1-1: Called Strike 1-2: Foul Ball, location: 2F 1-2: Strikes out swinging
|
Batting: RHB Josh Benefield
|
0-0: Ball 1-0: Called Strike 1-1: Ground out 6-3 (Groundball, 6, EV 101.2 MPH)
|
Batting: RHB Dzevat Koljevic
|
0-0: Ball 1-0: Ball 2-0: Fly out, F8 (Flyball, 78D, EV 86.9 MPH)
|
Bottom of the 2nd over - 0 runs, 0 hits, 0 errors, 0 left on base; University of North Carolina at Chapel Hill 0 - Stanford University 0 |
TOP OF THE 3RD |
University of North Carolina at Chapel Hill Tar Heels batting - Pitching for Stanford University Cardinal : RHP Jesus Hernandez
|
Batting: LHB Juan Alvarado
|
0-0: Ball 1-0: Ball 2-0: Ball 3-0: Called Strike 3-1: Foul Ball, location: 2F 3-2: Foul Ball, location: 2F 3-2: SINGLE (Line Drive, 56D, EV 103.8 MPH)
|
Batting: SHB Ryan Marsh
|
0-0: Ball 1-0: Foul Ball, location: 2F 1-1: Fielders Choice at 2nd, 4-6 (Groundball, 34, EV 88.1 MPH)
|
Batting: RHB Bill Atley
|
0-0: Ball 1-0: Ball 2-0: Called Strike 2-1: Fly out, F7 (Flyball, 78S, EV 85.6 MPH)
|
Batting: RHB Jeremy Rollins
|
0-0: Fielders Choice at 2nd, 5-4 (Groundball, 56, EV 87.5 MPH)
|
Top of the 3rd over - 0 runs, 1 hit, 0 errors, 1 left on base; University of North Carolina at Chapel Hill 0 - Stanford University 0 |
BOTTOM OF THE 3RD |
Stanford University Cardinal batting - Pitching for University of North Carolina at Chapel Hill Tar Heels : RHP Steven Kennett
|
Batting: LHB Caleb Hartwell
|
0-0: Called Strike 0-1: Ball 1-1: Foul Ball, location: 2F 1-2: Ball 2-2: Fly out, F8 (Flyball, 8LD, EV 95.6 MPH)
|
Batting: RHB Ted Hickey
|
0-0: Called Strike 0-1: Ground out 6-3 (Groundball, 6, EV 82.5 MPH)
|
Batting: RHB Joe Gabriel
|
0-0: Ball 1-0: Ball 2-0: Ball 3-0: Called Strike 3-1: Ground out 4-3 (Groundball, 4, EV 84.4 MPH)
|
Bottom of the 3rd over - 0 runs, 0 hits, 0 errors, 0 left on base; University of North Carolina at Chapel Hill 0 - Stanford University 0 |
TOP OF THE 4TH |
University of North Carolina at Chapel Hill Tar Heels batting - Pitching for Stanford University Cardinal : RHP Jesus Hernandez
|
Batting: SHB Jim Saxon
|
0-0: Called Strike 0-1: Foul Ball, location: 2F 0-2: Ball 1-2: Foul Ball, location: 2F 1-2: Strikes out swinging
|
Batting: SHB Jonathan Barrie
|
0-0: Called Strike 0-1: Ball 1-1: Ball 2-1: Ball 3-1: Base on Balls
|
Batting: RHB Tony Jennings
|
0-0: Foul Ball, location: 2F 0-1: Swinging Strike 0-2: Ball 1-2: Foul Ball, location: 2F 1-2: Ball 2-2: Foul Ball, location: 2F 2-2: Ball 3-2: Grounds into double play, 6-4-3 (Groundball, 6, EV 89.4 MPH)
|
Top of the 4th over - 0 runs, 0 hits, 0 errors, 0 left on base; University of North Carolina at Chapel Hill 0 - Stanford University 0 |
BOTTOM OF THE 4TH |
Stanford University Cardinal batting - Pitching for University of North Carolina at Chapel Hill Tar Heels : RHP Steven Kennett
|
Batting: LHB Bryan Davidson
|
0-0: Swinging Strike 0-1: Ball 1-1: Foul Ball, location: 2F 1-2: Reached on error, E6 (Groundball, 6, EV 96.2 MPH)
|
Batting: LHB Donny Kleinjan
|
0-0: Called Strike 0-1: 2-RUN HOME RUN (Flyball, 7LD, EV 97.5 MPH), Distance : 366 ft
|
Batting: RHB Joe Petley
|
0-0: SINGLE (Line Drive, 7S, EV 91.9 MPH)
|
Batting: LHB Chien Sam
|
0-0: SINGLE (Groundball, 56S, EV 66.2 MPH) (infield hit) Joe Petley to second
|
Batting: RHB Josh Benefield
|
0-0: Ball 1-0: Foul Ball, location: 2F 1-1: Ball 2-1: Swinging Strike 2-2: SINGLE (Groundball, 34D, EV 81.9 MPH) (infield hit) Joe Petley to third Chien Sam to second
|
Batting: RHB Dzevat Koljevic
|
0-0: Grounds into double play, 4-6-3 (Groundball, 4M, EV 78.8 MPH) Joe Petley scores Chien Sam to third
|
Batting: LHB Caleb Hartwell
|
0-0: Ball 1-0: SINGLE (Line Drive, 8RS, EV 108.1 MPH) Chien Sam scores
|
Batting: RHB Ted Hickey
|
0-0: SINGLE (Flyball, 89S, EV 87.5 MPH) Caleb Hartwell to second Runner from 2nd tries for 3rd, SAFE, throw by CF made to third
|
Batting: RHB Joe Gabriel
|
0-0: Foul Ball, location: 2F 0-1: Ball 1-1: Ball 2-1: Ball 3-1: Base on Balls Ted Hickey to second
|
Batting: LHB Bryan Davidson
|
0-0: Ball 1-0: Ground out 1-3 (Groundball, 13S, EV 69.4 MPH)
|
Bottom of the 4th over - 4 runs, 6 hits, 1 error, 3 left on base; University of North Carolina at Chapel Hill 0 - Stanford University 4 |
TOP OF THE 5TH |
University of North Carolina at Chapel Hill Tar Heels batting - Pitching for Stanford University Cardinal : RHP Jesus Hernandez
|
Batting: RHB Brandon Wilson
|
0-0: Called Strike 0-1: Called Strike 0-2: Ball 1-2: Strikes out swinging
|
Batting: RHB Michael Houseman
|
0-0: Ball 1-0: Ball 2-0: Foul Ball, location: 2F 2-1: Called Strike 2-2: Fly out, F9 (Flyball, 89S, EV 86.9 MPH)
|
Batting: LHB Juan Alvarado
|
0-0: Swinging Strike 0-1: Ball 1-1: Ball 2-1: Called Strike 2-2: Strikes out swinging
|
Top of the 5th over - 0 runs, 0 hits, 0 errors, 0 left on base; University of North Carolina at Chapel Hill 0 - Stanford University 4 |
BOTTOM OF THE 5TH |
Stanford University Cardinal batting - Pitching for University of North Carolina at Chapel Hill Tar Heels : RHP Steven Kennett
|
Batting: LHB Donny Kleinjan
|
0-0: Ball 1-0: Ball 2-0: Ball 3-0: Called Strike 3-1: Swinging Strike 3-2: Foul Ball, location: 2F 3-2: Ground out U3 (Groundball, 3, EV 80.6 MPH)
|
Batting: RHB Joe Petley
|
0-0: Ground out U3 (Groundball, 34S, EV 93.8 MPH)
|
Batting: LHB Chien Sam
|
0-0: Ball 1-0: Called Strike 1-1: Ball 2-1: SINGLE (Groundball, 4MD, EV 96.2 MPH)
|
Batting: RHB Josh Benefield
|
0-0: Foul Ball, location: 2F 0-1: Swinging Strike 0-2: Ball 1-2: Ball 2-2: Ball 3-2: Base on Balls Chien Sam to second
|
Batting: RHB Dzevat Koljevic
|
0-0: Ball 1-0: Fielders Choice at 2nd, 6-4 (Groundball, 6, EV 103.1 MPH)
|
Bottom of the 5th over - 0 runs, 1 hit, 0 errors, 2 left on base; University of North Carolina at Chapel Hill 0 - Stanford University 4 |
TOP OF THE 6TH |
University of North Carolina at Chapel Hill Tar Heels batting - Pitching for Stanford University Cardinal : RHP Jesus Hernandez
|
Batting: SHB Ryan Marsh
|
0-0: Ball 1-0: SINGLE (Line Drive, 4M, EV 96.2 MPH)
|
Batting: RHB Bill Atley
|
0-0: Called Strike 0-1: Ball 1-1: Ball 2-1: Foul Ball, location: 2F 2-2: DOUBLE (Line Drive, 78M, EV 90.0 MPH) Ryan Marsh to third
|
Batting: RHB Jeremy Rollins
|
0-0: Called Strike 0-1: Swinging Strike 0-2: Reached on error, E5 (Groundball, 56, EV 101.9 MPH) Ryan Marsh scores Bill Atley to third
|
Pitching: LHP Larry Steen
|
|
Batting: SHB Jim Saxon
|
0-0: Grounds out, U3 (Groundball, 3L, EV 83.8 MPH) Bill Atley scores
|
Batting: SHB Jonathan Barrie
|
0-0: SINGLE (Groundball, 4, EV 105.6 MPH) Jeremy Rollins to third Runner from 3rd tries for Home, SAFE, throw by CF to home
|
Batting: RHB Tony Jennings
|
0-0: Called Strike 0-1: Ball 1-1: Ball 2-1: Foul Ball, location: 2F 2-2: Foul Ball, location: 2F 2-2: Foul Ball, location: 2F 2-2: Foul Ball, location: 2F 2-2: Ball 3-2: SINGLE (Groundball, 56, EV 106.2 MPH) Jonathan Barrie to second Jonathan Barrie to third
|
Batting: RHB Brandon Wilson
|
0-0: Swinging Strike 0-1: Ball 1-1: Foul Ball, location: 2F 1-2: Ball 2-2: Ball 3-2: Foul Ball, location: 2F 3-2: Fielders Choice at 2nd, 4-6 (Groundball, 4, EV 84.4 MPH) Jonathan Barrie scores
|
Batting: RHB Michael Houseman
|
0-0: Called Strike 0-1: Ball 1-1: Foul Ball, location: 2F 1-2: Strikes out swinging
|
Top of the 6th over - 4 runs, 4 hits, 1 error, 1 left on base; University of North Carolina at Chapel Hill 4 - Stanford University 4 |
BOTTOM OF THE 6TH |
Stanford University Cardinal batting - Pitching for University of North Carolina at Chapel Hill Tar Heels : RHP Steven Kennett
|
Batting: LHB Caleb Hartwell
|
0-0: Called Strike 0-1: Ball 1-1: Foul Ball, location: 2F 1-2: Fly out, F7 (Flyball, 7LS, EV 90.6 MPH)
|
Pitching: RHP Alex Aldaya
|
|
Batting: RHB Ted Hickey
|
0-0: SINGLE (Groundball, 4MD, EV 104.4 MPH)
|
Batting: RHB Joe Gabriel
|
0-0: Called Strike 0-1: Ball 1-1: Ball 2-1: Called Strike Ted Hickey steals 2nd, throwing error, E2 Ted Hickey to third 2-2: Foul Ball, location: 2F 2-2: Ball 3-2: DOUBLE (Line Drive, 5D, EV 105.6 MPH) Ted Hickey scores
|
Batting: LHB Bryan Davidson
|
0-0: Ball 1-0: Foul Ball, location: 2F 1-1: Foul Ball, location: 2F 1-2: Foul Ball, location: 2F 1-2: Ball 2-2: SINGLE (Groundball, 56, EV 109.4 MPH) Joe Gabriel to third
|
Batting: LHB Donny Kleinjan
|
0-0: Ball 1-0: Foul Ball, location: 2F 1-1: Grounds into double play, 4-6-3 (Groundball, 34D, EV 83.8 MPH)
|
Bottom of the 6th over - 1 run, 3 hits, 1 error, 1 left on base; University of North Carolina at Chapel Hill 4 - Stanford University 5 |
TOP OF THE 7TH |
University of North Carolina at Chapel Hill Tar Heels batting - Pitching for Stanford University Cardinal : LHP Larry Steen
|
Pitching: RHP Eddie Georges
|
|
Batting: LHB Juan Alvarado
|
0-0: Ball 1-0: Ground out 5-3 (Groundball, 56, EV 82.5 MPH)
|
Batting: SHB Ryan Marsh
|
0-0: Foul Ball, location: 2F 0-1: Fly out, F8 (Line Drive, 89M, EV 93.8 MPH)
|
Batting: RHB Bill Atley
|
0-0: Fly out, F9 (Line Drive, 9, EV 92.5 MPH)
|
Top of the 7th over - 0 runs, 0 hits, 0 errors, 0 left on base; University of North Carolina at Chapel Hill 4 - Stanford University 5 |
BOTTOM OF THE 7TH |
Stanford University Cardinal batting - Pitching for University of North Carolina at Chapel Hill Tar Heels : RHP Alex Aldaya
|
Pitching: RHP Berry Dow
|
|
Batting: RHB Joe Petley
|
0-0: Ball 1-0: Called Strike 1-1: Ball 2-1: Ball 3-1: Fly out, F9 (Flyball, 9D, EV 86.9 MPH)
|
Batting: LHB Chien Sam
|
0-0: Ball 1-0: Foul Ball, location: 2F 1-1: Ball 2-1: Ball 3-1: Base on Balls
|
Batting: RHB Josh Benefield
|
0-0: Ball 1-0: Called Strike 1-1: Ground out 5-3 (Groundball, 56S, EV 70.0 MPH) Chien Sam to second
|
Batting: RHB Dzevat Koljevic
|
0-0: Called Strike 0-1: Called Strike 0-2: Ball 1-2: Fly out, F9 (Flyball, 89D, EV 91.2 MPH)
|
Bottom of the 7th over - 0 runs, 0 hits, 0 errors, 1 left on base; University of North Carolina at Chapel Hill 4 - Stanford University 5 |
TOP OF THE 8TH |
University of North Carolina at Chapel Hill Tar Heels batting - Pitching for Stanford University Cardinal : RHP Eddie Georges
|
Batting: RHB Jeremy Rollins
|
0-0: Ball 1-0: Ball 2-0: Ground out 4-3 (Groundball, 4M, EV 85.6 MPH)
|
Batting: SHB Jim Saxon
|
0-0: Fly out, F7 (Flyball, 78D, EV 94.4 MPH)
|
Batting: SHB Jonathan Barrie
|
0-0: Called Strike 0-1: Hit by Pitch
|
Pitching: RHP Dante Verduzco
|
|
Batting: RHB Tony Jennings
|
0-0: Ball 1-0: Ball 2-0: Ball 3-0: Called Strike 3-1: Base on Balls Jonathan Barrie to second
|
Batting: RHB Brandon Wilson
|
0-0: Ball 1-0: Called Strike 1-1: Swinging Strike 1-2: Foul Ball, location: 2F 1-2: Foul Ball, location: 2F 1-2: Ball 2-2: Foul Ball, location: 2F 2-2: Foul Ball, location: 2F 2-2: Foul Ball, location: 2F 2-2: Ball 3-2: Fly out, F4 (Popup, 4MD, EV 62.5 MPH)
|
Top of the 8th over - 0 runs, 0 hits, 0 errors, 2 left on base; University of North Carolina at Chapel Hill 4 - Stanford University 5 |
BOTTOM OF THE 8TH |
Stanford University Cardinal batting - Pitching for University of North Carolina at Chapel Hill Tar Heels : RHP Berry Dow
|
Pitching: RHP Jason Kaelber
|
|
Batting: LHB Caleb Hartwell
|
0-0: Foul Ball, location: 2F 0-1: Swinging Strike 0-2: Ground out 1-3 (Groundball, 13S, EV 70.0 MPH)
|
Pinch Hitting: RHB Carlton Hookway
|
0-0: Fly out, F9 (Flyball, 9S, EV 85.6 MPH)
|
Batting: RHB Joe Gabriel
|
0-0: Ball 1-0: Ball 2-0: Ball 3-0: Base on Balls
|
Batting: LHB Bryan Davidson
|
0-0: Ball 1-0: Called Strike 1-1: Ball 2-1: Swinging Strike 2-2: Foul Ball, location: 2F 2-2: Ball 3-2: Foul Ball, location: 2F 3-2: Foul Ball, location: 2F 3-2: Ground out 1-3 (Groundball, 15S, EV 61.2 MPH)
|
Bottom of the 8th over - 0 runs, 0 hits, 0 errors, 1 left on base; University of North Carolina at Chapel Hill 4 - Stanford University 5 |
TOP OF THE 9TH |
University of North Carolina at Chapel Hill Tar Heels batting - Pitching for Stanford University Cardinal : RHP Dante Verduzco
|
Pitching: LHP Marco Mendez
|
|
Now at 2B: John Van der Linden
|
|
Batting: RHB Michael Houseman
|
0-0: Called Strike 0-1: Foul Ball, location: 2F 0-2: Ball 1-2: Foul Ball, location: 2F 1-2: Fly out, F8 (Line Drive, 8RD, EV 93.8 MPH)
|
Batting: LHB Juan Alvarado
|
0-0: Called Strike 0-1: Called Strike 0-2: Foul Ball, location: 2F 0-2: Ball 1-2: Reached on error, E4 (Groundball, 4, EV 85.6 MPH)
|
Batting: SHB Ryan Marsh
|
0-0: Ball 1-0: Foul Ball, location: 2F 1-1: Ball 2-1: Ball 3-1: Base on Balls Juan Alvarado to second
|
Pitching: RHP Joe Kill
|
|
Batting: RHB Bill Atley
|
0-0: Ball 1-0: Called Strike 1-1: Swinging Strike 1-2: Ball 2-2: Foul Ball, location: 2F 2-2: Ball 3-2: Base on Balls Juan Alvarado to third Ryan Marsh to second
|
Batting: RHB Jeremy Rollins
|
0-0: Foul Ball, location: 2F 0-1: Foul Ball, location: 2F 0-2: Strikes out looking
|
Batting: SHB Jim Saxon
|
0-0: Called Strike 0-1: Ball 1-1: Foul Ball, location: 2F 1-2: Foul Ball, location: 2F 1-2: SINGLE (Groundball, 6MD, EV 106.2 MPH) Juan Alvarado scores Ryan Marsh to third Bill Atley to second Runner from 3rd tries for Home, SAFE, throw by CF to home
|
Batting: SHB Jonathan Barrie
|
0-0: Ball 1-0: Fly out, F7 (Flyball, 78M, EV 76.9 MPH)
|
Top of the 9th over - 2 runs, 1 hit, 1 error, 2 left on base; University of North Carolina at Chapel Hill 6 - Stanford University 5 |
BOTTOM OF THE 9TH |
Stanford University Cardinal batting - Pitching for University of North Carolina at Chapel Hill Tar Heels : RHP Jason Kaelber
|
Pitching: RHP Ted Hurley
|
|
Batting: LHB Donny Kleinjan
|
0-0: SOLO HOME RUN (Flyball, 9LD, EV 93.8 MPH), Distance : 355 ft
|
Batting: RHB Joe Petley
|
0-0: Swinging Strike 0-1: Fly out, F8 (Flyball, 89M, EV 96.9 MPH)
|
Batting: LHB Chien Sam
|
0-0: Ball 1-0: Ball 2-0: SINGLE (Line Drive, 8RS, EV 111.9 MPH)
|
Pinch Hitting: LHB Andy Swan
|
0-0: Ball 1-0: Called Strike 1-1: Foul Ball, location: 2F 1-2: Grounds into double play, 4-6-3 (Groundball, 4, EV 82.5 MPH)
|
Bottom of the 9th over - 1 run, 2 hits, 0 errors, 0 left on base; University of North Carolina at Chapel Hill 6 - Stanford University 6 |
TOP OF THE 10TH |
University of North Carolina at Chapel Hill Tar Heels batting - Pitching for Stanford University Cardinal : RHP Joe Kill
|
Now in LF: Mike Keating
|
|
Now in RF: Bryan Davidson
|
|
Batting: RHB Tony Jennings
|
0-0: Ball 1-0: Foul Ball, location: 2F 1-1: Swinging Strike 1-2: Strikes out swinging
|
Batting: RHB Brandon Wilson
|
0-0: Called Strike 0-1: Called Strike 0-2: Ball 1-2: Ball 2-2: Ball 3-2: Base on Balls
|
Batting: RHB Michael Houseman
|
0-0: Foul Ball, location: 2F 0-1: Foul Ball, location: 2F 0-2: Foul Ball, location: 2F 0-2: Foul Ball, location: 2F 0-2: Ball 1-2: Strikes out swinging
|
Batting: LHB Juan Alvarado
|
0-0: Swinging Strike 0-1: Ball 1-1: Ball 2-1: SINGLE (Groundball, P, EV 88.1 MPH) (infield hit) Brandon Wilson to second
|
Batting: SHB Ryan Marsh
|
0-0: Ball 1-0: Fly out, F9 (Flyball, 9, EV 86.2 MPH)
|
Top of the 10th over - 0 runs, 1 hit, 0 errors, 2 left on base; University of North Carolina at Chapel Hill 6 - Stanford University 6 |
BOTTOM OF THE 10TH |
Stanford University Cardinal batting - Pitching for University of North Carolina at Chapel Hill Tar Heels : RHP Ted Hurley
|
Batting: RHB Dzevat Koljevic
|
0-0: Swinging Strike 0-1: Swinging Strike 0-2: Strikes out swinging
|
Batting: RHB Gary Preston
|
0-0: Swinging Strike 0-1: Foul Ball, location: 2F 0-2: Ball 1-2: Ball 2-2: Foul Ball, location: 2F 2-2: Foul Ball, location: 2F 2-2: Fly out, F8 (Flyball, 8LS, EV 90.0 MPH)
|
Batting: RHB John Van der Linden
|
0-0: Foul Ball, location: 2F 0-1: Ball 1-1: Fly out, F9 (Flyball, 89D, EV 102.5 MPH)
|
Bottom of the 10th over - 0 runs, 0 hits, 0 errors, 0 left on base; University of North Carolina at Chapel Hill 6 - Stanford University 6 |
TOP OF THE 11TH |
University of North Carolina at Chapel Hill Tar Heels batting - Pitching for Stanford University Cardinal : RHP Joe Kill
|
Pitching: RHP Steven Townsend
|
|
Batting: RHB Bill Atley
|
0-0: Ball 1-0: Ball 2-0: Ground out 6-3 (Groundball, 6S, EV 86.9 MPH)
|
Batting: RHB Jeremy Rollins
|
0-0: Foul Ball, location: 2F 0-1: Ball 1-1: Ball 2-1: Ball 3-1: Base on Balls
|
Batting: SHB Jim Saxon
|
0-0: Ball 1-0: Ball 2-0: Ball 3-0: Base on Balls Jeremy Rollins to second
|
Batting: SHB Jonathan Barrie
|
0-0: Called Strike 0-1: Ball 1-1: Ball 2-1: Ball 3-1: Reached on error, E7 (Flyball, 7D, EV 85.0 MPH) Jeremy Rollins scores Jim Saxon to third
|
Batting: RHB Tony Jennings
|
0-0: Intentional Walk
|
Batting: RHB Brandon Wilson
|
0-0: Foul Ball, location: 2F 0-1: Foul Ball, location: 2F 0-2: Ball 1-2: Ball 2-2: Foul Ball, location: 2F 2-2: Ball 3-2: Fly out, F7 (Flyball, 78M, EV 90.0 MPH) Runner from 3rd tags up, SCORES, throw by LF
|
Batting: RHB Michael Houseman
|
0-0: SINGLE (Flyball, 89S, EV 90.6 MPH) Jonathan Barrie to third Tony Jennings to second Runner from 3rd tries for Home, SAFE, throw by RF to home Tony Jennings to third Michael Houseman to second
|
Pitching: RHP John Hollinger
|
|
Batting: LHB Juan Alvarado
|
0-0: Ball 1-0: Called Strike 1-1: Ball 2-1: Ground out 5-3 (Groundball, 56, EV 101.2 MPH)
|
Top of the 11th over - 3 runs, 1 hit, 1 error, 2 left on base; University of North Carolina at Chapel Hill 9 - Stanford University 6 |
BOTTOM OF THE 11TH |
Stanford University Cardinal batting - Pitching for University of North Carolina at Chapel Hill Tar Heels : RHP Ted Hurley
|
Pitching: RHP Didier Pages
|
|
Batting: RHB Joe Gabriel
|
0-0: Foul Ball, location: 2F 0-1: Foul Ball, location: 2F 0-2: Ball 1-2: Foul Ball, location: 2F 1-2: Fly out, F8 (Flyball, 78D, EV 98.8 MPH)
|
Batting: LHB Bryan Davidson
|
0-0: Called Strike 0-1: Ball 1-1: Ball 2-1: Ball 3-1: Called Strike 3-2: Base on Balls
|
Batting: LHB Donny Kleinjan
|
0-0: Ball 1-0: Foul Ball, location: 2F 1-1: Fly out, F7 (Flyball, 7, EV 87.5 MPH)
|
Pinch Hitting: RHB Mike Gard
|
0-0: Ball 1-0: SINGLE (Groundball, 4D, EV 100.6 MPH) Bryan Davidson to second
|
Batting: LHB Chien Sam
|
0-0: Called Strike 0-1: Ball 1-1: Fielders Choice at 2nd, 5-4 (Groundball, 5L, EV 80.6 MPH)
|
Bottom of the 11th over - 0 runs, 1 hit, 0 errors, 2 left on base; University of North Carolina at Chapel Hill 9 - Stanford University 6 |
|